 Dungeon Crawl Stone Soup version 0.29-a0-418-gc0181ea820 (webtiles) character file.

Game seed: 13712035943635474395

106 hquester the Skirmisher (level 4, -7/36 HPs)
             Began as a Demonspawn Abyssal Knight on May 17, 2022.
             Was a Priest of Lugonu.
             Killed by divine providence
             ... invoked by an orc priest
              (14 damage)
             ... on level 3 of the Dungeon.
             The game lasted 00:07:16 (2157 turns).

hquester the Skirmisher (Demonspawn Abyssal Knight) Turns: 2157, Time: 00:07:16

Health: -7/36      AC: 16    Str: 13    XL:     4   Next: 55%
Magic:  6/6        EV: 11    Int: 11    God:    Lugonu [***...]
Gold:   86         SH:  0    Dex: 16    Spells: 3/3 levels left

rFire   . . .      SeeInvis .   i - +2 short sword (protect)
rCold   . . .      Faith    .   (no shield)
rNeg    . . .      Spirit   .   e - +0 ring mail
rPois   .          Reflect  .   r - +1 helmet
rElec   .          Harm     .   p - +0 cloak
rCorr   .          Rampage  .   n - +0 pair of gloves
Will    .....                   (no boots)
Stlth   +.........              (no amulet)
HPRegen 0.12/turn               (no ring)
MPRegen 0.10/turn               (no ring)

@: under a protective aura
A: hooves 1, powered by death 1
a: Renounce Religion, Depart the Abyss, Bend Space, Banish


You were on level 3 of the Dungeon.
You worshipped Lugonu.
Lugonu was most pleased with you.
You visited 1 branch of the dungeon, and saw 3 of its levels.
You visited the Abyss 1 time.

You collected 86 gold pieces.

Inventory:

Hand Weapons
 i - a +2 short sword of protection (weapon)
Armour
 a - a scarf of resistance
 e - a +0 ring mail (worn)
 n - a +0 pair of gloves (worn)
 p - a +0 cloak (worn)
 r - a +1 helmet (worn)
Wands
 m - a wand of iceblast (8)
 q - a wand of charming (4)
Scrolls
 b - 4 scrolls of identify {unknown}
 h - a scroll of poison {unknown}
 k - a scroll of immolation {unknown}
 l - 2 scrolls of enchant weapon {unknown}
Potions
 c - a potion of heal wounds {unknown}
 d - 6 potions of curing {unknown}
 f - 2 potions of degeneration {unknown}
 g - 3 potions of lignification {unknown}
 j - a potion of resistance {unknown}


   Skills:
 + Level 3.6 Fighting
 + Level 2.4 Short Blades
 + Level 2.4 Armour
 + Level 1.9 Dodging
 + Level 3.5 Invocations


You had 3 spell levels left.
You didn't know any spells.
Your spell library contained the following spells:

 Spells                   Type           Power      Damage    Failure   Level
 Static Discharge         Conj/Air       0%         N/A       73%         2
 Dispel Undead            Necr           0%         3d6       100%        4
 Sticky Flame             Conj/Fire      0%         2d3       100%        4


Dungeon Overview and Level Annotations

Branches:
Dungeon (3/15)

Altars:


Innate Abilities, Weirdness & Mutations

You have large cloven feet.
You regenerate a little health from kills.


Message History

You hit the orc.
Your weapon exudes an aura of protection.
The orc is moderately wounded.
A ball python comes into view.
The kobold misses you. The orc misses you. The kobold attacks as you move away!
The kobold hits you but does no damage. The orc attacks as you move away!
The orc barely misses you. The kobold attacks as you move away!
The kobold hits you with a +0 short sword.
The orc attacks as you move away! The orc hits you but does no damage.
The orc priest invokes the aid of Beogh against you.
Beogh smites you!
You hit the kobold.
Your weapon exudes an aura of protection.
You kill the kobold!
Lugonu accepts your kill.
You hit the orc.
The orc is moderately wounded.
The orc barely misses you.
You hit the orc but do no damage. Your kick misses the orc.
The orc is moderately wounded.
The orc hits you but does no damage.
You closely miss the orc.
The orc is moderately wounded.
The orc hits you but does no damage.
The orc priest looks satisfied for a moment.
You hit the orc but do no damage.
The orc is moderately wounded.
The orc priest mumbles some strange prayers to Beogh against you.
Beogh smites you!
* * * LOW HITPOINT WARNING * * *
The orc hits you but does no damage.
You hit the orc.
The orc is severely wounded.
The orc hits you but does no damage.
You hit the orc but do no damage.
The orc is severely wounded.
The orc priest invokes the aid of Beogh against you.
Beogh smites you!
You die...

#.######....### .....
#.#....#....#.# .....
####.#....#....#.# ....#+#
#................. #####..#.#
#........##....###
.......#.#.#...)....#........
S........#................###
........o######.####......#
.......Soooo@....#........###
...####.#######..............
#.. #####..............
.......................
###.#...#............... .#..
#............... ..
..#.<............. #.
.#....#..........
#...............


You could see an orc priest, an orc wizard, 3 orcs and a ball python.

Vanquished Creatures
  Robin (D:3)
  3 adders (D:2)
  6 ball pythons
  6 bats
  5 endoplasms
  2 giant cockroaches
  12 goblins
  10 hobgoblins
  2 quokkas (D:2)
  5 frilled lizards
  8 kobolds
  5 rats
65 creatures vanquished.

Notes
Turn   | Place    | Note
-------+----------+-------------------------------------------
     0 | Abyss:1  | hquester the Demonspawn Abyssal Knight began the quest for
                  | the Orb.
     0 | Abyss:1  | Reached XP level 1. HP: 18/18 MP: 2/2
    87 | Abyss:1  | Noticed an iron imp
   104 | Abyss:1  | Noticed a tentacled starspawn
   125 | Abyss:1  | Noticed a quasit
   155 | Abyss:1  | Noticed a thrashing horror
   156 | Abyss:1  | Noticed a starcursed mass
   157 | D:1      | Escaped the Abyss
   284 | D:1      | Reached skill level 1 in Dodging
   373 | D:1      | Reached ** piety under Lugonu
   452 | D:1      | Gained mutation: You have large cloven feet. [demonic
                  | ancestry]
   452 | D:1      | Reached XP level 2. HP: 22/24 MP: 4/4
  1011 | D:1      | Gained mutation: You regenerate a little health from kills.
                  | [demonic ancestry]
  1011 | D:1      | Reached XP level 3. HP: 27/29 MP: 5/5
  1653 | D:2      | Reached *** piety under Lugonu
  1654 | D:2      | Reached XP level 4. HP: 34/35 MP: 6/6
  1928 | D:3      | Found a faded altar of an unknown god.
  1980 | D:3      | Noticed Robin
  2011 | D:3      | Killed Robin
  2157 | D:3      | Killed from afar by an orc priest

Illustrated notes

Levels and vault maps discovered:
D:1:      elethiomel_arrival_quiet, layout_loops_cross
D:2:      layout_basic, minmay_small_reverse_x
D:3:      kennysheep_big_flooded_room, layout_basic,
          nicolae_wu_jian_wuxing_cycle, serial_shops, nicolae_shop_stone,
          hellmonk_ecumenical_altar_lost_god, uniq_robin

Skill      XL: |  1  2 |
---------------+-------+-----
Dodging        | 1 |  1.9
Short Blades   | 2 |  2.4
Armour         | 2 |  2.4
Invocations    | 3 |  3.5
Fighting       | |  3.6

Action                   |  1- 3 |  4- 6 || total
-------------------------+-------+-------++-------
Melee: Short sword       |   153 |    36 ||   189
       Punch             |     1 |     1 ||     2
       Kick              |    25 |     3 ||    28
Invok: Depart the Abyss  |     1 |       ||     1
Armor: Ring mail         |    89 |    31 ||   120
       Leather armour    |     1 |       ||     1
Dodge: Dodged            |    79 |    30 ||   109

Table legend: (Time is in decaauts)
 A = Elapsed time spent in this place.
 B = Non-inter-level travel time spent in this place.
 C = Inter-level travel time spent in this place.
 D = Time resting spent in this place.
 E = Time spent auto-exploring this place.
 F = Levels seen in this place.
 G = Mean time per level.
                   A        B        C        D        E       F      G
               +--------+--------+--------+--------+--------+-----+--------+
         Total |   2154 |   2095 |     59 |      0 |   1524 |   4 |  538.5 |
       Dungeon |   1997 |   1938 |     59 |      0 |   1423 |   3 |  665.7 |
         Abyss |    157 |    157 |      0 |      0 |    101 |   1 |  157.0 |
               +--------+--------+--------+--------+--------+-----+--------+

Top non-repeatable levels by time:
     D:1: 999 daAuts
     D:2: 753 daAuts
     D:3: 245 daAuts
 Abyss:1: 157 daAuts
